 Dungeon Crawl Stone Soup version 0.30-a0-1112-gfb780f5df6 (webtiles) character file.

Game seed: 832094581846754287

20232 funkygono the Severer (level 12, -1/107 HPs)
             Began as a Minotaur Fighter on Apr 19, 2023.
             Was a High Priest of Okawaru.
             Slain by a death yak (12 damage)
             ... on level 3 of the Lair of Beasts.
             The game lasted 00:19:17 (10473 turns).

funkygono the Severer (Minotaur Fighter)           Turns: 10473, Time: 00:19:17

Health: -1/107     AC: 25    Str: 26    XL:     12   Next: 43%
Magic:  13/13      EV: 15    Int:  5    God:    Okawaru [*****.]
Gold:   666        SH:  7    Dex: 10    Spells: 11/11 levels left

rFire   . . .      SeeInvis .    a - +0 war axe (freeze)
rCold   . . .      Faith    .    c - +0 buckler
rNeg    . . .      Spirit   .    M - +0 plate armour
rPois   +          Reflect  .    (helmet restricted)
rElec   .          Rampage  .    F - +0 cloak
rCorr   .                        x - +1 pair of gloves
Will    .....                    C - +1 pair of boots Stlth
                                 (no amulet)
HPRegen 0.37/turn                d - +5 ring of evasion
MPRegen 0.13/turn                f - ring of poison resistance

@: heroic
A: horns 2, retaliatory headbutt
a: Renounce Religion, Heroism, Finesse, Duel


You were on level 3 of the Lair of Beasts.
You worshipped Okawaru.
Okawaru was extremely pleased with you.
You visited 3 branches of the dungeon, and saw 12 of its levels.
You also visited: Sewer.

You collected 666 gold pieces.

Inventory:

Hand Weapons
 a - a +0 war axe of freezing (weapon)
Missiles
 h - 2 throwing nets
 t - 4 silver boomerangs
 D - 12 javelins
 G - 8 boomerangs (quivered)
Armour
 c - a +0 buckler (worn)
 x - a +1 pair of gloves (worn)
 C - a +1 pair of boots (worn)
 F - a +0 cloak (worn)
 M - a +0 plate armour (worn)
Jewellery
 d - a +5 ring of evasion (left hand)
 f - a ring of poison resistance (right hand)
 m - a ring of protection from fire
 r - a ring of flight
Wands
 l - a wand of digging (8)
 A - a wand of paralysis (3)
Scrolls
 j - 3 scrolls of identify
 k - 2 scrolls of magic mapping
 o - 3 scrolls of poison
 u - 5 scrolls of blinking
 v - a scroll of enchant armour
 w - 10 scrolls of teleportation
 y - a scroll of fear
 L - 2 scrolls of immolation
Potions
 b - 3 potions of might
 e - 3 potions of heal wounds
 g - 4 potions of curing
 i - a potion of haste
 n - a potion of magic
 p - 3 potions of invisibility
 q - a potion of berserk rage
 s - 7 potions of flight
 z - 2 potions of mutation


   Skills:
 + Level 10.5(15.5) Fighting
 + Level 16.7(21.7) Axes
 + Level 1.7(6.7) Throwing
 + Level 12.0(17.0) Armour
 + Level 4.6(9.6) Dodging
 + Level 1.5(6.5) Stealth
 + Level 7.9(12.9) Shields
 + Level 3.5 Invocations


You had 11 spell levels left.
You didn't know any spells.
Your spell library contained the following spells:

 Spells                   Type           Power      Damage    Failure   Level
 Apportation              Tloc           0%         N/A       98%         1
 Beastly Appendage        Tmut           0%         N/A       98%         1
 Necrotise                Necr           0%         1d4       98%         1
 Shock                    Conj/Air       0%         1d3       98%         1
 Wereblood                Tmut           0%         N/A       99%         2
 Spider Form              Tmut/Pois      0%         N/A       100%        3
 Swiftness                Air            0%         N/A       100%        3
 Airstrike                Air            0%         2d(0-16)  100%        4
 Leda's Liquefaction      Hex/Erth       0%         N/A       100%        4
 Lee's Rapid Deconstruct  Erth           0%         3d4*      100%        5
 Statue Form              Tmut/Erth      0%         N/A       100%        6
 Summon Small Mammal      Summ           Unusable   N/A       N/A         1

Dungeon Overview and Level Annotations

Branches:
Dungeon (8/15)             Temple (1/1) D:7            Lair (3/5) D:8
  Swamp (0/4) Lair:2        Snake (0/4) Lair:2        Sewer (visited)

Altars:
Ashenzari
Cheibriados
Dithmenos
Elyvilon
Fedhas
Gozag
Hepliaklqana
Makhleb
Nemelex Xobeh
Okawaru
Qazlal
Ru
Sif Muna
Trog
Uskayaw
Vehumet
Wu Jian
Xom
Yredelemnul
Zin
The Shining One

Shops:
D:6 [![:


Innate Abilities, Weirdness & Mutations

You have a pair of horns on your head.
You reflexively headbutt those who attack you in melee.


Message History

You slash the death yak! You freeze the death yak.
Unknown command.
You slash the death yak! You freeze the death yak.
The death yak is moderately wounded.
You barely miss the death yak. You block the death yak's attack.
The death yak gores you!
Unknown command.
You slash the death yak! You freeze the death yak! You headbutt the death yak!
The death yak is severely wounded.
You hit the death yak but do no damage. The death yak barely misses you.
The death yak gores you.
Unknown command.
You slash the death yak! You freeze the death yak.
The death yak is severely wounded.
You slash the death yak! You freeze the death yak.
You block the death yak's attack. The death yak gores you.
Unknown command.
You slash the death yak! You freeze the death yak.
You kill the death yak!
Okawaru is honoured by your kill.
You slash the death yak! You freeze the death yak.
Unknown command.
You barely miss the death yak.
The death yak is almost dead.
You slash the komodo dragon!
The komodo dragon seems to slow down.
You freeze the komodo dragon. The death yak gores you.
* * * LOW HITPOINT WARNING * * *
The komodo dragon bites you!
* * * LOW HITPOINT WARNING * * *
You hit the komodo dragon but do no damage.
Your headbutt misses the komodo dragon.
The komodo dragon is severely wounded.
You hit the death yak but do no damage. You block the death yak's attack.
Unknown command.
You hit the komodo dragon. You freeze the komodo dragon.
The komodo dragon is severely wounded.
You hit the death yak but do no damage. The komodo dragon bites you!
* * * LOW HITPOINT WARNING * * *
The death yak gores you!
You die...

#.........##
#............
###....†....†..
###P.............
#................
#................
##................
#...P............#
###@##.P.........###
#SYl##..#.......##
########.Y######...P####
#.........# ######
.........## .........#
.......... ...........
.............


You could see 2 death yaks, a komodo dragon (slow) and a black mamba.

Vanquished Creatures
  A two-headed ogre (D:8)
  8 death yaks (Lair:3)
  Urug (Lair:1)
  2 bog bodies
  A black mamba (Lair:2)
  5 cane toads
  3 komodo dragons (Lair:1)
  A polar bear (Lair:2)
  5 dream sheep (Lair:3)
  14 blink frogs (Lair:3)
  4 wyverns
  2 basilisks (D:8)
  13 yaks
  A steam dragon (D:6)
  4 nagas (Lair:2)
  Edmund (D:4)
  An acid dragon (D:8)
  8 water moccasins
  A black bear (D:6)
  An ice beast (D:4)
  2 ogres (D:4)
  3 phantoms
  4 wolves (Lair:2)
  A centaur (D:7)
  3 kobold brigands
  A gnoll sergeant (D:5)
  A scorpion (D:4)
  9 bullfrogs
  3 killer bees (D:7)
  4 hounds
  3 gnoll boudas
  3 jellies
  5 orc priests
  3 iguanas
  An orc wizard (D:7)
  A sickly merfolk siren (Sewer)
  A malarious merfolk avatar (Sewer)
  20 gnolls
  10 adders
  3 river rats
  2 shadow imps
  An ufetubus (D:7)
  A worm (D:2)
  A dart slug (D:5)
  28 orcs
  18 ball pythons
  2 bats
  9 endoplasms
  5 giant cockroaches
  7 goblins
  6 hobgoblins
  7 jackals (D:3)
  4 quokkas
  10 frilled lizards
  15 kobolds
  26 rats
  A bush (D:8)
301 creatures vanquished.

Vanquished Creatures (others)
  8 fungi
  12 plants
20 creatures vanquished.

Grand Total: 321 creatures vanquished

Notes
Turn   | Place    | Note
-------+----------+-------------------------------------------
     0 | D:1      | funkygono the Minotaur Fighter began the quest for the Orb.
     0 | D:1      | Reached XP level 1. HP: 19/19 MP: 0/0
    93 | D:1      | Reached XP level 2. HP: 25/27 MP: 1/1
   525 | D:2      | Reached XP level 3. HP: 22/33 MP: 2/2
   656 | D:2      | Reached skill level 3 in Axes
   823 | D:2      | Reached XP level 4. HP: 18/40 MP: 3/3
   978 | D:2      | Found a faded altar of an unknown god.
  1482 | D:3      | Found the +8 trident of the Octopus King {venom, rElec
                  | rPois}
  1706 | D:3      | Reached skill level 5 in Armour
  1710 | D:3      | Reached skill level 4 in Axes
  1710 | D:3      | Reached XP level 5. HP: 40/47 MP: 4/4
  2341 | D:4      | Reached skill level 5 in Axes
  2341 | D:4      | Reached skill level 1 in Dodging
  2341 | D:4      | Reached XP level 6. HP: 42/53 MP: 5/5
  2360 | D:4      | Noticed Edmund
  2380 | D:4      | Killed Edmund
  2410 | D:4      | Reached skill level 6 in Axes
  2410 | D:4      | Reached XP level 7. HP: 14/60 MP: 6/6
  2586 | D:4      | Reached skill level 5 in Fighting
  2638 | D:4      | Found a glowing drain.
  2649 | Sewer    | Entered a sewer
  2914 | Sewer    | Reached skill level 7 in Axes
  3625 | D:5      | Entered Level 5 of the Dungeon
  3700 | D:5      | Reached XP level 8. HP: 63/69 MP: 7/7
  3711 | D:5      | Reached skill level 8 in Axes
  4045 | D:5      | Found a radiant altar of Vehumet.
  4607 | D:5      | Found a shimmering altar of Xom.
  4632 | D:6      | Found Gerasume's Book Boutique.
  4658 | D:6      | Found Itucex's Armour Boutique.
  4749 | D:6      | Found Guttodee's Distillery.
  4824 | D:6      | Reached skill level 9 in Axes
  5182 | D:6      | Found a hazy altar of Hepliaklqana.
  5271 | D:6      | Found Umamn's Antique Armour Boutique.
  5291 | D:6      | Reached skill level 5 in Shields
  5542 | D:7      | Reached XP level 9. HP: 57/78 MP: 8/8
  5662 | D:7      | Found a staircase to the Ecumenical Temple.
  5671 | Temple   | Entered the Ecumenical Temple
  5685 | Temple   | Became a worshipper of Warmaster Okawaru
  5819 | D:7      | Reached skill level 10 in Axes
  6182 | D:7      | Found a broken altar of Ashenzari.
  6186 | D:7      | Found a shadowy altar of Dithmenos.
  6186 | D:7      | Found a sparkling altar of Nemelex Xobeh.
  6186 | D:7      | Found a basalt altar of Yredelemnul.
  6347 | D:8      | Reached skill level 1 in Stealth
  6352 | D:8      | Reached * piety under Okawaru
  6353 | D:8      | Reached skill level 11 in Axes
  6383 | D:8      | Reached ** piety under Okawaru
  6421 | D:8      | Reached XP level 10. HP: 48/88 MP: 9/9
  6540 | D:8      | Found a staircase to the Lair.
  6806 | D:8      | Reached skill level 12 in Axes
  7222 | D:8      | Noticed a two-headed ogre
  7235 | D:8      | Killed a two-headed ogre
  7235 | D:8      | Reached *** piety under Okawaru
  7674 | D:8      | Reached skill level 1 in Invocations
  7856 | Lair:1   | Entered Level 1 of the Lair of Beasts
  8028 | Lair:1   | Noticed a cane toad
  8034 | Lair:1   | Killed a cane toad
  8331 | Lair:1   | Reached skill level 13 in Axes
  8388 | Lair:1   | Reached skill level 10 in Armour
  8509 | Lair:1   | Noticed Urug
  8524 | Lair:1   | Killed Urug
  8838 | Lair:2   | You fall into a shaft and drop 1 floor!
  8842 | Lair:3   | Reached XP level 11. HP: 93/95 MP: 11/11
  8867 | Lair:3   | Reached skill level 14 in Axes
  8948 | Lair:3   | Reached **** piety under Okawaru
  8960 | Lair:2   | Noticed a bog body
  8960 | Lair:2   | Found a staircase to the Swamp.
  8961 | Lair:2   | Noticed a bog body
  9064 | Lair:3   | Killed a bog body
  9198 | Lair:2   | Killed a bog body
  9453 | Lair:2   | Reached skill level 15 in Axes
  9517 | Lair:2   | Reached ***** piety under Okawaru
  9780 | Lair:2   | Found a staircase to the Snake Pit.
 10255 | Lair:3   | Reached skill level 16 in Axes
 10293 | Lair:3   | Reached XP level 12. HP: 74/106 MP: 13/13
 10417 | Lair:3   | Noticed a death yak
 10424 | Lair:3   | Noticed a death yak
 10424 | Lair:3   | Noticed a death yak
 10425 | Lair:3   | Noticed a death yak
 10425 | Lair:3   | Noticed a death yak
 10425 | Lair:3   | Noticed a death yak
 10426 | Lair:3   | Noticed a death yak
 10427 | Lair:3   | Noticed a death yak
 10427 | Lair:3   | Noticed a death yak
 10429 | Lair:3   | Noticed a death yak
 10435 | Lair:3   | Killed a death yak
 10446 | Lair:3   | Killed a death yak
 10447 | Lair:3   | Reached skill level 10 in Fighting
 10447 | Lair:3   | Killed a death yak
 10447 | Lair:3   | Received a gift from Okawaru
 10452 | Lair:3   | Killed a death yak
 10453 | Lair:3   | Reached skill level 1 in Throwing
 10453 | Lair:3   | Killed a death yak
 10461 | Lair:3   | Killed a death yak
 10465 | Lair:3   | Killed a death yak
 10470 | Lair:3   | Killed a death yak
 10473 | Lair:3   | Slain by a death yak

Illustrated notes

Levels and vault maps discovered:
D:1:      lightli_arrival_maybe_door_vault, layout_rooms
D:2:      layout_basic, basic_ecumenical_altar, minivault_24
D:3:      minmay_evil_eye, layout_loops_ring
D:4:      layout_loops_cross, gup_sewer_entry_bubbles, uniq_edmund
D:5:      layout_basic, mainiacjoe_overflow_six_doors_small, xom_teletrap_fun,
          grunt_decor_arrowhead
D:6:      layout_basic, mainiacjoe_overflow_brackets, serial_shops,
          nicolae_stop_n_shop_1, nicolae_shop_waterfront, shop,
          nicolae_book_shop_shelving, kennysheep_pointless_box
D:7:      layout_rooms, grunt_temple_overflow_open, minmay_temple_entry_slanted
D:8:      layout_layer_cave, minmay_lair_entry_grove
Temple:   nicolae_temple_superstar
Lair:1:   layout_regular_city, lemuel_fruit_fields, uniq_urug
Lair:2:   layout_concentric_octagons, skrybe_swamp_entry_bodies,
          minmay_snake_entry_guardpost_small
Lair:3:   layout_cave_pods, beast_lair_carwin_11

Skill      XL: |  1  2  3  4  5  6  7  8  9 10 11 12 |
---------------+-------------------------------------+-----
Armour         | 4 5 6 7 8 10 11 12 | 12.0
Fighting       | 4 5 6 7 8 9 10 | 10.5
Shields        | 4 5 6 7 |  7.9
Axes           | 3 4 5 6 7 9 11 13 16 | 16.7
Dodging        | 1 2 3 4 |  4.6
Stealth        | 1 |  1.5
Invocations    | 2 3 |  3.5
Throwing       | 1 |  1.7

Action                     |  1- 3 |  4- 6 |  7- 9 | 10-12 || total
---------------------------+-------+-------+-------+-------++-------
  Melee: War axe           |    68 |   120 |   338 |   331 ||   857
         Headbutt          |     9 |    23 |    46 |    66 ||   144
  Throw: Boomerang         |       |       |       |     9 ||     9
 Invoke: Heroism           |       |       |       |    14 ||    14
    Use: Potion            |       |     3 |       |       ||     3
         Scroll            |       |       |    20 |     3 ||    23
 Armour: Scale mail        |    33 |    55 |    67 |       ||   155
         Chain mail        |       |       |    39 |       ||    39
         Plate armour      |       |       |    36 |    68 ||   104
  Dodge: Dodged            |    45 |    48 |   172 |   128 ||   393
  Block: Buckler           |    16 |    25 |    73 |    53 ||   167

Table legend: (Time is in decaauts)
 A = Elapsed time spent in this place.
 B = Non-inter-level travel time spent in this place.
 C = Inter-level travel time spent in this place.
 D = Time resting spent in this place.
 E = Time spent auto-exploring this place.
 F = Levels seen in this place.
 G = Mean time per level.
                   A        B        C        D        E       F      G
               +--------+--------+--------+--------+--------+-----+--------+
         Total |  10520 |  10298 |    222 |    169 |   7635 |  13 |  809.2 |
       Dungeon |   7387 |   7212 |    175 |    169 |   5206 |   8 |  923.4 |
        Temple |    119 |    101 |     18 |      0 |     85 |   1 |  119.0 |
          Lair |   2573 |   2545 |     28 |      0 |   2080 |   3 |  857.7 |
         Sewer |    440 |    440 |      0 |      0 |    264 |   1 |  440.0 |
               +--------+--------+--------+--------+--------+-----+--------+

Top non-repeatable levels by time:
     D:8: 1550 daAuts
     D:4: 1064 daAuts
     D:5: 1015 daAuts
     D:3: 985 daAuts
  Lair:2: 982 daAuts
  Lair:1: 958 daAuts
     D:6: 887 daAuts
     D:2: 703 daAuts
     D:7: 663 daAuts
  Lair:3: 632 daAuts
     D:1: 515 daAuts
   Sewer: 440 daAuts
  Temple: 119 daAuts
